 Seeded DCSS version 0.30.1-1-g62c8e00024 (webtiles) character file.

Game seed: 424073725385337585 (custom seed)

1388 McKennaii the Conjurer (level 8, -3/57 HPs)
             Began as a Demigod Conjurer on July 14, 2023.
             Engulfed by a cloud of flame (23 damage)
             ... on level 5 of the Dungeon.
             The game lasted 00:04:54 (6853 turns).

McKennaii the Conjurer (Demigod Conjurer)           Turns: 6853, Time: 00:04:55

Health: -3/57      AC:  9    Str:  8    XL:     8   Next: 17%
Magic:  21/21      EV: 17    Int: 28    God:
Gold:   162        SH:  0    Dex: 12    Spells: 12/19 levels left

rFire   . . .        (no weapon)
rCold   . . .        (no shield)
rNeg    . . .        a - +0 robe
rPois   .            (no helmet)
rElec   .            w - +0 cloak
rCorr   .            h - +0 pair of gloves
SInv    .            m - +0 pair of boots
Will    .....        i - amulet of regeneration
Stlth   ++           v - +4 ring of protection
HPRegen 1.09/turn    y - +5 ring of evasion
MPRegen 0.17/turn

%: no passive effects
@: no status effects
A: high MP 1, forlorn, divine attributes
a: no special abilities


You were on level 5 of the Dungeon.
You visited 1 branch of the dungeon, and saw 5 of its levels.

You collected 275 gold pieces.
You spent 113 gold pieces at shops.

Inventory:

Missiles
 x - 5 throwing nets
Armour
 a - a +0 robe (worn)
 h - a +0 pair of gloves (worn)
 m - a +0 pair of boots (worn)
 w - a +0 cloak (worn)
Jewellery
 i - an amulet of regeneration (around neck)
 v - a +4 ring of protection (left hand)
 y - a +5 ring of evasion (right hand)
 z - a ring of protection from cold
Wands
 p - a wand of paralysis (3)
Scrolls
 c - 8 scrolls of identify {unknown}
 d - a scroll of butterflies {unknown}
 f - 2 scrolls of amnesia {unknown}
 l - a scroll of magic mapping {unknown}
 n - 2 scrolls of teleportation {unknown}
 o - a scroll of blinking {unknown}
 q - a scroll of fear {unknown}
 r - a scroll of vulnerability {unknown}
 t - a scroll of acquirement {unknown}
 u - a scroll of enchant weapon {unknown}
Potions
 b - a potion of magic
 e - 3 potions of curing {unknown}
 g - a potion of haste {unknown}
 j - 2 potions of attraction {unknown}
 k - 4 potions of heal wounds {unknown}
 s - a potion of cancellation {unknown}


   Skills:
 - Level 1.7 Dodging
 - Level 1.7 Stealth
 + Level 6.3 Spellcasting
 + Level 7.7 Conjurations


You had 12 spell levels left.
You knew the following spells:

 Your Spells              Type           Power      Damage    Failure   Level
a - Magic Dart            Conj           100%       1d8       1%          1
b - Searing Ray           Conj           100%       2d8       1%          2
c - Iskenderun's Mystic   Conj/Tloc      30%        2d8       12%         4

Your spell library contained the following spells:

 Spells                   Type           Power      Damage    Failure   Level
 Dazzling Flash           Conj/Hex       60%        N/A       3%          3
 Summon Small Mammal      Summ           32%        N/A       6%          1
 Sublimation of Blood     Necr           8%         N/A       9%          2
 Wereblood                Tmut           8%         N/A       9%          2
 Fulminant Prism          Conj/Hex       15%        3d10      12%         4
 Call Canine Familiar     Summ           8%         N/A       17%         3
 Summon Guardian Golem    Hex/Summ       8%         N/A       17%         3
 Vampiric Draining        Necr           8%         2d6       17%         3
 Petrify                  Tmut/Erth      8%         N/A       50%         4
 Yara's Violent Unravell  Hex/Tmut       4%         3d4       85%         5
 Summon Hydra             Summ           4%         N/A       100%        7


Dungeon Overview and Level Annotations

Branches:
Dungeon (5/15)
 Temple: D:4-7

Shops:
D:5 *

Annotations:
D:5 3 runed translucent doors, Heoruswealwe's ghost, novice DECj


Innate Abilities, Weirdness & Mutations

You have an increased reservoir of magic. (+10% MP)
You shall have no god before yourself.
Your divine heritage dramatically boosts your attributes as you level up.


Message History

Key pressed, stopping explore.
You can't see any susceptible monsters within range! (Use Z to cast anyway.) Key pressed, stopping explore.
You can't see any susceptible monsters within range! (Use Z to cast anyway.)
You see here a hound corpse.
Items here: )) [[ †.
You can't see any susceptible monsters within range! (Use Z to cast anyway.)
Okay, then.
Things that are here:
a +0 halberd; a gnoll corpse
Found a quarterstaff.
You can't see any susceptible monsters within range! (Use Z to cast anyway.) You're in a travel-excluded area, stopping explore.
You can't see any susceptible monsters within range! (Use Z to cast anyway.) You're in a travel-excluded area, stopping explore.
You can't see any susceptible monsters within range! (Use Z to cast anyway.) You're in a travel-excluded area, stopping explore.
You can't see any susceptible monsters within range! (Use Z to cast anyway.) You're in a travel-excluded area, stopping explore.
You can't see any susceptible monsters within range! (Use Z to cast anyway.)
You are engulfed in blazing flames.
You're standing in a cloud of flame!
Really walk into that cloud of flame? [Y]es or [N]o only, please.
Really walk into that cloud of flame? [Y]es or [N]o only, please.
Really walk into that cloud of flame?
You are engulfed in blazing flames.
* * * LOW HITPOINT WARNING * * *
c - 8 scrolls labelled QAUHUI QEFITS (gained 1)
You now have 142 gold pieces (gained 14).
You now have 162 gold pieces (gained 20).
z - a ring of protection from cold You start resting.
HP restored.
Really walk into a travel-excluded area?
You are engulfed in blazing flames.
You are engulfed in blazing flames.
You are engulfed in blazing flames.
You die...

##.## #...# #.○☼# .
#§°§# .. #§☼§# ...
######...###### ....
##.☼☼☼.....§°☼.#....
#..§○§.....○°☼..#
#..§.☼...).§§@..#
#.#####...#####.# #.#
#...# # #.# #§○○# #.#
#§☼☼# ##
#.#####...#####.#
#.............#.## +#
########......#..##..
#.............# ..


There were no monsters in sight!

Vanquished Creatures
  2 ice beasts (D:5)
  An ogre (D:4)
  A centaur (D:5)
  3 gnoll sergeants (D:5)
  2 scorpions (D:4)
  A jelly (D:4)
  A gnoll bouda (D:4)
  Crazy Yiuf (D:4)
  3 hounds
  2 sleepcaps (D:5)
  Ijyb (D:3)
  3 iguanas
  An orc wizard (D:4)
  Robin (D:4)
  20 gnolls
  4 adders
  4 dart slugs
  8 orcs
  4 ball pythons
  7 bats
  13 endoplasms
  5 giant cockroaches
  15 goblins
  14 hobgoblins
  13 jackals
  4 quokkas
  A frilled lizard (D:2)
  7 kobolds
  7 rats
149 creatures vanquished.

Notes
Turn   | Place    | Note
-------+----------+-------------------------------------------
     0 | D:1      | McKennaii the Demigod Conjurer began the quest for the Orb.
     0 | D:1      | Reached XP level 1. HP: 14/14 MP: 5/5
   387 | D:1      | Reached XP level 2. HP: 20/20 MP: 5/7
   390 | D:1      | Learned a level 2 spell: Searing Ray
   488 | D:1      | Reached skill level 4 in Conjurations
  1099 | D:1      | Reached XP level 3. HP: 26/26 MP: 7/9
  1748 | D:2      | Got Sif Muna's Book of the Gestalt and Diablerie
  2999 | D:3      | Reached XP level 4. HP: 33/33 MP: 8/11
  3300 | D:3      | Noticed Ijyb
  3306 | D:3      | Killed Ijyb
  3575 | D:3      | Reached XP level 5. HP: 38/38 MP: 1/13
  3940 | D:4      | Reached skill level 5 in Conjurations
  4171 | D:4      | Reached XP level 6. HP: 45/45 MP: 5/15
  4724 | D:4      | Noticed Robin
  4728 | D:4      | Killed Robin
  4860 | D:4      | Found a runed translucent door.
  4861 | D:4      | Noticed Crazy Yiuf
  5097 | D:4      | Killed Crazy Yiuf
  5165 | D:5      | Entered Level 5 of the Dungeon
  5297 | D:5      | Reached skill level 6 in Conjurations
  5370 | D:5      | Found a runed translucent gate.
  5370 | D:5      | Found a runed translucent gate.
  5374 | D:5      | Found a runed translucent gate.
  5382 | D:5      | Reached skill level 5 in Spellcasting
  5382 | D:5      | Reached XP level 7. HP: 50/50 MP: 9/17
  5565 | D:4      | Learned a level 4 spell: Iskenderun's Mystic Blast
  5823 | D:5      | Reached skill level 7 in Conjurations
  6315 | D:5      | Reached XP level 8. HP: 47/57 MP: 9/20
  6562 | D:5      | Found Wovow's Assorted Antiques.
  6568 | D:5      | Bought a scroll labelled QAUHUI QEFITS for 29 gold pieces
  6568 | D:5      | Bought a scroll labelled QAUHUI QEFITS for 29 gold pieces
  6568 | D:5      | Bought a scroll labelled QAUHUI QEFITS for 29 gold pieces
  6568 | D:5      | Bought a white potion for 26 gold pieces
  6576 | D:5      | Noticed a hornet
  6576 | D:5      | Noticed Heoruswealwe's ghost (novice DECj)
  6853 | D:5      | Engulfed by a cloud of flame

Illustrated notes

Levels and vault maps discovered:
D:1:      evilmike_arrival_crescent, layout_loops_corners
D:2:      layout_basic, minmay_misc_feat_cross, kennysheep_cross_room
D:3:      layout_rooms, nzn_wu_jian_contemplation, uniq_ijyb
D:4:      layout_loops_ring, uniq_robin, uniq_crazy_yiuf_cottage
D:5:      layout_cave_pools, minmay_temple_entry_hall, serial_gnoll_camp,
          gnoll_camp_mini_house, gnoll_camp_mini_shop, gnoll_camp_mini_basic,
          gnoll_camp_medium_02, gnoll_camp_medium_01, ebering_ghost_gozag,
          lemuel_flame_loot_1

Skill      XL: |  1  2  3  4  5  6  7 |
---------------+----------------------+-----
Spellcasting   | 2 3 4 5 6 |  6.3
Conjurations   | 4 5 6 7 |  7.7
Dodging        | |  1.7
Stealth        | |  1.7

Action                     |  1- 3 |  4- 6 |  7- 9 || total
---------------------------+-------+-------+-------++-------
  Melee: Unarmed           |    50 |       |       ||    50
         Punch             |     1 |       |       ||     1
   Cast: Magic Dart        |   122 |   108 |    82 ||   312
         Searing Ray       |     2 |    18 |    23 ||    43
 Armour: Robe              |    23 |     7 |    17 ||    47
  Dodge: Dodged            |    58 |    11 |    49 ||   118
